 Dungeon Crawl Stone Soup version 0.27-a0-417-g317cea8a3c (webtiles) character file.

Game seed: 9999737041534115038

656 dolemite99 the Slinger (level 7, -7/56 HPs)
             Began as a Minotaur Hunter on Feb 26, 2021.
             Was a Follower of Fedhas.
             Mangled by a troll (10 damage)
             ... on level 5 of the Dungeon.
             The game lasted 00:05:38 (6357 turns).

dolemite99 the Slinger (Minotaur Hunter)            Turns: 6357, Time: 00:05:38

Health: -7/56      AC: 11    Str: 18    XL:     7   Next: 29%
Magic:  6/6        EV:  5    Int:  8    God:    Fedhas [*.....]
Gold:   199        SH:  0    Dex: 11    Spells: 6/6 levels left

rFire    . . .     SeeInvis .   b - +2 whip (venom)
rCold    . . .     Faith    .   (no shield)
rNeg     . . .     Spirit   .   j - +0 plate armour
rPois    .         Reflect  .   (helmet restricted)
rElec    .         Harm     .   (no cloak)
rCorr    .         Rampage  .   (no gloves)
Will     .....                  e - +0 pair of boots
Stlth    ..........             (no amulet)
HPRegen  0.18/turn              (no ring)
MPRegen  0.10/turn              (no ring)

@: attractive
A: retaliatory headbutt, horns 2
a: Renounce Religion


You were on level 5 of the Dungeon.
You worshipped Fedhas.
Fedhas was aware of your devotion.
You visited 1 branch of the dungeon, and saw 5 of its levels.

You collected 199 gold pieces.

Inventory:

Hand Weapons
 a - a +1 hunting sling
 b - a +2 whip of venom (weapon)
 y - a +0 shortbow
 A - a +0 short sword
Missiles
 g - 13 poisoned darts (quivered)
 h - 193 stones
 p - 76 arrows
 v - 61 bolts
 x - 12 sling bullets
Armour
 c - a +0 leather armour
 e - a +0 pair of boots (worn)
 j - a +0 plate armour (worn)
Jewellery
 o - a ring of see invisible
Wands
 d - a wand of random effects (29)
Scrolls
 f - 2 scrolls of teleportation {unknown}
 i - 4 scrolls of identify {@r1}
 r - 2 scrolls of enchant weapon
 s - a scroll of amnesia {unknown}
 t - a scroll of magic mapping {unknown}
Potions
 k - a potion of might {unknown}
 l - a potion of mutation {unknown}
 m - 2 potions of degeneration
 q - 2 potions of flight
 u - a potion of curing {unknown}
 w - a potion of brilliance {unknown}
 z - a potion of haste {unknown}


   Skills:
 - Level 2.4 Fighting
 + Level 0.0 Maces & Flails
 - Level 9.8 Slings
 - Level 2.1 Dodging
 - Level 0.7 Stealth


You had 6 spell levels left.
You didn't know any spells.
Your spell library was empty.

Dungeon Overview and Level Annotations

Branches:
Dungeon (5/15)
 Temple: D:4-7

Altars:
Fedhas
Nemelex Xobeh
Okawaru
Qazlal
Trog
Wu Jian
Xom
Yredelemnul

Annotations:
D:2 exclusion: downstairs
D:3 Ijyb


Innate Abilities, Weirdness & Mutations

You reflexively headbutt those who attack you in melee.
You have a pair of horns on your head.


Message History

As you read the scroll labelled MEAFITT OCYDA, it crumbles to dust.
It is a scroll of identify.
m - 2 potions of degeneration
As you read the scroll of identify {@r1}, it crumbles to dust.
q - 2 potions of flight
As you read the scroll of identify {@r1}, it crumbles to dust.
r - 2 scrolls of enchant weapon You hit the troll.
The troll is poisoned.
Your headbutt misses the troll.
The troll is lightly wounded.
The troll bites you but does no damage. The troll claws you but does no damage.
The troll barely misses you.
You hit the troll.
The troll looks as sick as possible!
The troll is lightly wounded.
The troll barely misses you. The troll claws you. x2
Your plate armour prevents you from hitting the troll.
The troll is lightly wounded.
The troll bites you! The troll claws you. x2
You hit the troll but do no damage.
The troll looks as sick as possible!
You headbutt the troll, but do no damage.
The troll is lightly wounded.
The troll bites you! The troll claws you. x2
* * * LOW HITPOINT WARNING * * *
Your plate armour prevents you from hitting the troll.
You headbutt the troll!
The troll is heavily wounded.
The troll bites you.
* * * LOW HITPOINT WARNING * * *
The troll claws you but does no damage. x2
The troll barely misses you. You furiously retaliate!
You headbutt the troll! The troll barely misses you. The troll claws you.
* * * LOW HITPOINT WARNING * * *
An ooze comes into view.
The ooze quivers.
The ooze moves out of view.
Found 11 gold pieces.
It was a potion of attraction.
You feel attractive to monsters. The troll bites you!
You die...
Fedhas appreciates your contribution to the ecosystem.

..................#
#
......###)......#.#
......#
#.......#...
......#
#.......##.#.
......# #.......#
.. ## ......#
#.......###...#
#######
###.#..........
#.#.#T####..#.
#.#.#.@...J...
#.#.#######.$.
#.#.. #.### #.


You could see a troll (very poisoned) and an ooze.

Vanquished Creatures
  2 sky beasts (D:5)
  A centaur (D:5)
  A scorpion (D:5)
  A hound (D:5)
  A jelly (D:5)
  2 orc priests (D:4)
  An orc wizard (D:4)
  A hound skeleton (D:5)
  A worker ant zombie (D:5)
  6 adders
  6 gnolls
  An ufetubus (D:5)
  A worm (D:4)
  A dart slug (D:3)
  A leopard gecko (D:5)
  2 orcs
  3 giant cockroaches
  3 goblins
  5 hobgoblins
  6 jackals
  A quokka (D:3)
  5 bats
  4 frilled lizards
  7 kobolds
  A quokka skeleton (D:5)
  6 rats
70 creatures vanquished.

Notes
Turn   | Place    | Note
-------+----------+-------------------------------------------
     0 | D:1      | dolemite99 the Minotaur Hunter began the quest for the Orb.
     0 | D:1      | Reached XP level 1. HP: 18/18 MP: 0/0
   188 | D:1      | Reached XP level 2. HP: 25/25 MP: 1/1
   309 | D:1      | Reached skill level 5 in Slings
   679 | D:2      | Found a blossoming altar of Fedhas.
   689 | D:2      | Became a worshipper of Fedhas Madash
   732 | D:2      | Found an iron altar of Okawaru.
   733 | D:2      | Found a stormy altar of Qazlal.
   735 | D:2      | Found a bloodstained altar of Trog.
   735 | D:2      | Found a sparkling altar of Nemelex Xobeh.
   737 | D:2      | Found an ornate altar of the Wu Jian Council.
   737 | D:2      | Found a shimmering altar of Xom.
   738 | D:2      | Found a basalt altar of Yredelemnul.
   931 | D:2      | Reached XP level 3. HP: 30/30 MP: 2/2
  1558 | D:3      | Reached skill level 6 in Slings
  1599 | D:3      | Reached XP level 4. HP: 33/37 MP: 3/3
  1773 | D:3      | Noticed Ijyb
  2340 | D:2      | Reached * piety under Fedhas
  3833 | D:3      | Reached skill level 7 in Slings
  3833 | D:3      | Reached XP level 5. HP: 42/42 MP: 4/4
  4757 | D:4      | Found a bloodstained altar of Trog.
  4990 | D:5      | Entered Level 5 of the Dungeon
  5085 | D:5      | Reached skill level 8 in Slings
  5085 | D:5      | Reached XP level 6. HP: 46/50 MP: 5/5
  5242 | D:5      | Noticed a sky beast
  5278 | D:5      | Killed a sky beast
  5683 | D:5      | Noticed a sky beast
  5708 | D:5      | Killed a sky beast
  5709 | D:5      | Reached skill level 9 in Slings
  5936 | D:5      | Reached XP level 7. HP: 35/56 MP: 6/6
  6336 | D:5      | Noticed a troll
  6357 | D:5      | Mangled by a troll

Illustrated notes

Levels and vault maps discovered:
D:1:      dpeg_arrival_erosion, layout_rooms
D:2:      minmay_skewed_foursquare, layout_rooms, fedhas_altar_fruit_tree,
          grunt_temple_overflow_open
D:3:      cheibrodos_helix_gallery, layout_basic, zin_academy, uniq_ijyb
D:4:      layout_basic, minivault_27, trog_book
D:5:      layout_basic, serial_shops, nicolae_shop_behind_doors

Skill      XL: |  1  2  3  4  5  6 |
---------------+-------------------+-----
Slings         | 5 6 7 8 9 |  9.8
Fighting       | |  2.4
Dodging        | |  2.1
Stealth        | |  0.7

Action                   |  1- 3 |  4- 6 |  7- 9 || total
-------------------------+-------+-------+-------++-------
Melee: Whip              |       |       |    10 ||    10
       Headbutt          |       |       |     4 ||     4
 Fire: Hunting sling     |    94 |   177 |    24 ||   295
  Use: Scroll            |       |       |     3 ||     3
       Potion            |       |       |     1 ||     1
Armor: Leather armour    |     2 |       |       ||     2
       Plate armour      |    22 |    70 |    19 ||   111
Dodge: Dodged            |    13 |    30 |     5 ||    48

Table legend: (Time is in decaauts)
 A = Elapsed time spent in this place.
 B = Non-inter-level travel time spent in this place.
 C = Inter-level travel time spent in this place.
 D = Time resting spent in this place.
 E = Time spent auto-exploring this place.
 F = Levels seen in this place.
 G = Mean time per level.
                   A        B        C        D        E       F      G
               +--------+--------+--------+--------+--------+-----+--------+
         Total |   6316 |   6016 |    300 |   3271 |   1861 |   5 | 1263.2 |
       Dungeon |   6316 |   6016 |    300 |   3271 |   1861 |   5 | 1263.2 |
               +--------+--------+--------+--------+--------+-----+--------+

Top non-repeatable levels by time:
     D:2: 2609 daAuts
     D:5: 1344 daAuts
     D:4: 1083 daAuts
     D:3: 643 daAuts
     D:1: 635 daAuts
